 Dungeon Crawl Stone Soup version 0.22.1-6-g1668fe2c40 (webtiles) character file.

2456 MarcusOwl the Covered (level 9, -8/75 HPs)
             Began as a Hill Orc Fighter on Jan 20, 2019.
             Was a Follower of Yredelemnul.
             Splashed by an oklob plant's acid (12 damage)
             ... created by the enmity of Fedhas Madash
             ... on level 7 of the Dungeon.
             The game lasted 00:28:31 (6915 turns).

MarcusOwl the Covered (Hill Orc Fighter)            Turns: 6915, Time: 00:28:31

Health: -8/75      AC: 12    Str: 21    XL:     9   Next: 50%
Magic:  9/9        EV:  7    Int:  8    God:    Yredelemnul [*.....]
Gold:   321        SH: 10    Dex: 11    Spells: 8/8 levels left

rFire    + . .     SeeInvis .   A - +2 trident (flame)
rCold    . . .     Gourm    .   c - +0 shield
rNeg     . . .     Faith    .   y - +0 chain mail
rPois    .         Spirit   .   (no helmet)
rElec    .         Reflect  .   p - +0 cloak
rCorr    .         Harm     .   (no gloves)
MR       .....                  (no boots)
Stlth    ..........             (no amulet)
HPRegen  0.22/turn              h - ring of flight
MPRegen  0.11/turn              K - ring of protection from fire

@: no status effects
A: no striking features
a: Animate Remains, Renounce Religion, Evoke Flight


You were on level 7 of the Dungeon.
You worshipped Yredelemnul.
Yredelemnul was aware of your devotion.
You were hungry.

You visited 2 branches of the dungeon, and saw 8 of its levels.

You collected 321 gold pieces.

Inventory:

Hand Weapons
 a - a +0 war axe
 s - a +1 short sword of venom
 t - a +0 bardiche
 A - a +2 trident of flaming (weapon)
 B - a +1 dagger of venom
 D - a +1 dagger of venom
 G - a +0 quarterstaff of protection
 J - a +0 dire flail
Armour
 c - a +0 shield (worn)
 p - a +0 cloak (worn)
 u - a +0 cloak
 y - a +0 chain mail (worn)
 H - a +0 cloak
Magical Staves
 n - an uncursed staff of wizardry {unknown}
Jewellery
 h - a ring of flight (left hand)
 w - an uncursed ring of stealth
 K - a ring of protection from fire (right hand)
 M - a cursed amulet of inaccuracy {unknown}
Wands
 l - a wand of random effects (25)
 v - a wand of iceblast (6)
Scrolls
 b - a scroll of teleportation {unknown}
 e - 3 scrolls of remove curse {unknown}
 g - a scroll of fog {unknown}
 m - a scroll of blinking {unknown}
 q - a scroll of identify
 r - a scroll of noise {unknown}
 C - a scroll of random uselessness {unknown}
 E - 3 scrolls of immolation
Potions
 d - 2 potions of might
 i - a potion of flight
 j - a potion of degeneration {unknown}
 k - a potion of berserk rage {unknown}
 o - a potion of invisibility {unknown}
 x - 2 potions of brilliance {unknown}
 z - 2 potions of heal wounds {unknown}
 F - 3 potions of haste
 L - a potion of mutation {unknown}
Comestibles
 I - 3 rations


   Skills:
 + Level 5.9 Fighting
 + Level 5.5(7.9) Axes
 + Level 7.3(7.9) Polearms
 + Level 7.5 Armour
 + Level 2.4 Dodging
 + Level 7.0 Shields


You had 8 spell levels left.
You didn't know any spells.
Your spell library contained the following spells:

 Spells                   Type           Power        Failure   Level  Hunger
 Animate Skeleton         Necr           N/A          100%        1    ##.....
 Apportation              Tloc           #.....       100%        1    ##.....
 Confusing Touch          Hex            #.....       100%        1    ##.....
 Sting                    Conj/Pois      #...         100%        1    ##.....
 Summon Small Mammal      Summ           #...         100%        1    ##.....
 Poisonous Vapours        Pois/Air       #.....       100%        2    ###....
 Mephitic Cloud           Conj/Pois/Air  #.......     100%        3    ####...
 Olgreb's Toxic Radiance  Pois           #.......     100%        4    #####..
 Venom Bolt               Conj/Pois      #.........   100%        5    ######.


Dungeon Overview and Level Annotations

Branches:
Dungeon (7/15)             Temple (1/1) D:5

Altars:
Ashenzari
Cheibriados
Dithmenos
Elyvilon
Fedhas
Gozag
Hepliaklqana
Kikubaaqudgha
Makhleb
Nemelex Xobeh
Okawaru
Qazlal
Ru
Sif Muna
Trog
Uskayaw
Vehumet
Wu Jian
Xom
Yredelemnul
Zin

Annotations:
D:7 exclusion: 3 oklob plants


Message History

The splash of acid hits your gnoll sergeant zombie.
Your gnoll sergeant zombie is splashed with acid.
The acid corrodes your gnoll sergeant zombie!
Your gnoll sergeant zombie hits the oklob plant from afar with a spear.
The oklob plant spits acid at you. The splash of acid hits you!
* * * LOW HITPOINT WARNING * * *
You are splashed with acid!
The acid burns!
* * * LOW HITPOINT WARNING * * *
Your gnoll sergeant zombie hits the oklob plant but does no damage.
The oklob plant spits acid at you.
The splash of acid hits your gnoll sergeant zombie.
Your gnoll sergeant zombie is splashed with acid.
Your gnoll sergeant zombie is destroyed!
Your gnoll zombie hits the oklob plant with a whip.
The oklob plant spits acid at you.
Fedhas protects a plant from harm.
The splash of acid hits you!
You are splashed with acid!
The acid burns!
You die...
Your body rises from the dead as a mindless zombie.

.# #...# .# # ....# .# .
#. #....# .#
..#.#########....# .#
........##.......# .#
#.....##.......####.####.#
#..P.f##........#........#
#.)...@.....#.#...#..#
#.###.Z)....#(#..<..#<...#
#....P..............>.#.##
#.###P..#.#.............#
#...#.#.#.######.....
#...#.###...........#
#...#.# ########..#.#
#...#.# .... ####... #.


You could see 3 oklob plants, a wandering mushroom and a friendly gnoll zombie.

Vanquished Creatures
  Pikel (D:5)
  Grinder (D:3)
  Eustachio (D:5)
  A hungry ghost (D:5)
  Duvessa (D:5)
  A water moccasin (D:7)
  2 sky beasts (D:5)
  A slave (D:5)
  An ice beast (D:5)
  An ogre (D:5)
  A centaur (D:6)
  2 bullfrogs
  A gnoll sergeant (D:7)
  Dowan (D:5)
  2 orc priests
  4 hounds
  6 orc wizards
  A bullfrog skeleton (D:6)
  A jelly (D:6)
  2 iguanas
  Terence (D:3)
  A worker ant (D:5)
  A hound skeleton (D:5)
  A worker ant zombie (D:5)
  7 adders
  3 gnolls (D:7)
  A shadow imp (D:6)
  An ooze (D:1)
  An adder skeleton (D:5)
  2 worms
  4 dart slugs
  4 leopard geckos
  18 orcs
  4 bats
  5 giant cockroaches
  6 goblins
  8 hobgoblins
  14 jackals
  5 kobolds
  2 quokkas
  2 ball pythons
  4 frilled lizards
  2 gnoll zombies (D:5)
  11 rats
140 creatures vanquished.

Vanquished Creatures (others)
  3 slaves (D:5)
  A bullfrog zombie (D:7)
  A gnoll zombie (D:7)
  A frilled lizard (D:5)
  27 toadstools (D:5)
33 creatures vanquished.

Grand Total: 173 creatures vanquished

Notes
Turn   | Place    | Note
-------+----------+-------------------------------------------
     0 | D:1      | MarcusOwl the Hill Orc Fighter began the quest for the Orb.
     0 | D:1      | Reached XP level 1. HP: 19/19 MP: 1/1
    72 | D:1      | Reached XP level 2. HP: 19/27 MP: 2/2
   457 | D:1      | Reached XP level 3. HP: 27/33 MP: 3/3
  1167 | D:2      | Found an opulent altar of Gozag.
  1420 | D:2      | Found a shadowy altar of Dithmenos.
  1437 | D:2      | Reached XP level 4. HP: 40/40 MP: 4/4
  1763 | D:3      | Found a snail-covered altar of Cheibriados.
  1819 | D:3      | Noticed Terence
  1862 | D:3      | HP: 2/40 [Terence/trident of flaming (1)]
  2324 | D:3      | Noticed Grinder
  2357 | D:3      | Killed Grinder
  2357 | D:3      | Reached skill level 5 in Armour
  2357 | D:3      | Reached skill level 1 in Dodging
  2357 | D:3      | Reached XP level 5. HP: 22/47 MP: 5/5
  2357 | D:3      | Reached XP level 6. HP: 25/53 MP: 6/6
  2756 | D:3      | Killed Terence
  2756 | D:3      | Reached skill level 5 in Axes
  3134 | D:4      | Reached XP level 7. HP: 15/60 MP: 7/7
  4143 | D:5      | Entered Level 5 of the Dungeon
  4154 | D:5      | Found a staircase to the Ecumenical Temple.
  4158 | D:5      | Noticed Dowan
  4158 | D:5      | Noticed Duvessa
  4161 | Temple   | Entered the Ecumenical Temple
  4401 | Temple   | Became a worshipper of Fedhas Madash
  4488 | D:5      | HP: 3/60 [Duvessa/short sword of speed (2)]
  4508 | D:5      | Killed Duvessa
  4518 | D:5      | Killed Dowan
  4554 | D:5      | HP: 3/60 [poisoned by Dowan]
  4933 | D:5      | Reached XP level 8. HP: 61/67 MP: 8/8
  4987 | D:5      | Found a hazy altar of Hepliaklqana.
  5036 | D:5      | Reached skill level 5 in Shields
  5158 | D:5      | Noticed Eustachio
  5170 | D:5      | Reached skill level 5 in Fighting
  5181 | D:5      | Noticed Pikel
  5223 | D:5      | Killed Pikel
  5284 | D:5      | Killed Eustachio
  5298 | D:5      | Reached XP level 9. HP: 28/74 MP: 9/9
  5766 | D:5      | Found a basalt altar of Yredelemnul.
  5778 | D:5      | Fell from the grace of Fedhas
  5778 | D:5      | Became a worshipper of Yredelemnul the Dark
  6453 | D:6      | Noticed a moth of wrath
  6456 | D:6      | Found a bloodstained altar of Trog.
  6690 | D:6      | Found an ancient bone altar of Kikubaaqudgha.
  6777 | D:7      | Reached * piety under Yredelemnul
  6912 | D:7      | Noticed an oklob plant
  6912 | D:7      | Noticed an oklob plant
  6912 | D:7      | Noticed an oklob plant
  6912 | D:7      | Noticed a wandering mushroom
  6915 | D:7      | Splashed by an oklob plant's acid

Skill      XL: |  1  2  3  4  5  6  7  8  9 |
---------------+----------------------------+-----
Axes           | 3 4 5 |  5.5
Armour         | 4 5 6 7 |  7.5
Fighting       | 4 5 |  5.9
Polearms       | 2 4 6 7 |  7.3
Dodging        | 1 2 |  2.4
Shields        | 4 6 7 |  7.0

Action                   |  1- 3 |  4- 6 |  7- 9 || total
-------------------------+-------+-------+-------++-------
Melee: War axe           |   117 |    66 |       ||   183
       Bardiche          |       |    41 |       ||    41
       Trident           |       |    40 |   346 ||   386
Invok: Fungal Bloom      |       |       |     8 ||     8
       Animate Remains   |       |       |     3 ||     3
 Abil: Evoke Flight      |     1 |       |       ||     1
  Use: Scroll            |       |     1 |     1 ||     2
       Potion            |       |       |     5 ||     5
 Stab: Distracted        |       |       |     1 ||     1
  Eat: Chunk             |     2 |     2 |     1 ||     5
       Ration            |       |     1 |     4 ||     5
Armor: Scale mail        |    51 |    69 |       ||   120
       Chain mail        |       |    18 |   220 ||   238
Dodge: Dodged            |    47 |    69 |   110 ||   226
Block: Shield            |    70 |    55 |   230 ||   355
